 Dungeon Crawl Stone Soup version 0.30-a0-924-g0ad0bf95bc (webtiles) character file.

Game seed: 15041270850615323844

82 Firecrotchwizard the Chopper (level 4, -7/41 HPs)
             Began as a Hill Orc Monk on Mar 23, 2023.
             Mangled by a sleepcap (19 damage)
             ... on level 4 of the Dungeon.
             The game lasted 00:03:27 (1572 turns).

Firecrotchwizard the Chopper (Hill Orc Monk)        Turns: 1572, Time: 00:03:28

Health: -7/41      AC:  3    Str: 15    XL:     4   Next: 43%
Magic:  4/4        EV:  2    Int: 10    God:
Gold:   278        SH:  0    Dex: 13    Spells: 3/3 levels left

rFire   . . .      SeeInvis .    a - +0 hand axe
rCold   . . .      Faith    .    (no shield)
rNeg    . . .      Spirit   .    b - +0 robe
rPois   .          Reflect  .    i - +0 helmet
rElec   .          Rampage  .    (no cloak)
rCorr   .                        (no gloves)
Will    .....                    (no boots)
Stlth   ++                       (no amulet)
HPRegen 0.26/turn                (no ring)
MPRegen 0.09/turn                (no ring)

@: sleeping
A: no striking features
a: no special abilities


You were on level 4 of the Dungeon.
You visited 1 branch of the dungeon, and saw 4 of its levels.

You collected 278 gold pieces.

Inventory:

Hand Weapons
 a - a +0 hand axe (weapon)
Missiles
 m - 4 poisoned darts
 p - 2 javelins
 s - 20 stones (quivered)
Armour
 b - a +0 robe (worn)
 d - a +0 chain mail
   (You found it on level 1 of the Dungeon)
 i - a +0 helmet (worn)
   (You found it on level 3 of the Dungeon)
Magical Staves
 l - a staff of air {rElec}
   (You found it on level 3 of the Dungeon)
Jewellery
 c - a ring of ice {rC+, rF-}
   (You found it on level 3 of the Dungeon)
Wands
 j - a wand of polymorph (14)
   (You found it on level 4 of the Dungeon)
Scrolls
 h - a scroll of identify {unknown}
 o - a scroll of blinking {unknown}
Potions
 e - a potion of attraction {unknown}
 f - a potion of cancellation {unknown}
 g - a potion of curing {unknown}
 k - a potion of might {unknown}
 n - a potion of lignification {unknown}
 G - a potion of ambrosia {!q}


   Skills:
 + Level 4.5 Fighting
 * Level 6.0 Axes
 - Level 2.4 Dodging
 - Level 1.5 Stealth


You had 3 spell levels left.
You didn't know any spells.
Your spell library contained the following spells:

 Spells                   Type           Power      Damage    Failure   Level
 Magic Dart               Conj           0%         1d3       36%         1
 Call Imp                 Summ           0%         N/A       50%         2
 Mephitic Cloud           Conj/Pois/Air  0%         N/A       75%         3


Dungeon Overview and Level Annotations

Branches:
Dungeon (4/15)
 Temple: D:4-7

Altars:

Shops:
D:4 (


Message History

You kill the gnoll!
You have reached level 4!
Health restored: 41; MP restored: 4
Aim: a gnoll, wielding a +0 flail (wandering, hasn't noticed you, 72% to hit)
The puff of flame misses the gnoll.
The gnoll shouts!
Aim: a gnoll, wielding a +0 flail (72% to hit)
The puff of flame hits the gnoll!
The gnoll shouts!
Aim: a gnoll, wielding a +0 flail (heavily wounded, 72% to hit)
The puff of flame misses the gnoll.
The now-empty wand crumbles to dust.
Aim: a gnoll, wielding a +0 flail (heavily wounded, will become a tengu, a bat, or a river rat, chance to affect: 57%)
Okay, then.
Unknown command.
You struggle against the net.
Unknown command.
You shred the net and break free! You closely miss the gnoll.
The gnoll hits you but does no damage.
You hit the gnoll.
You kill the gnoll!
You hit the gnoll. The gnoll misses you.
You closely miss the gnoll. The gnoll hits you with a +0 flail.
You take 3 damage, and have 38/41 hp.
You closely miss the gnoll. The gnoll hits you with a +0 flail!
You take 9 damage, and have 29/41 hp.
MASSIVE DAMAGE!!
You hit the gnoll. The gnoll closely misses you.
You closely miss the gnoll. The gnoll hits you with a +0 flail.
You take 5 damage, and have 24/41 hp.
You hit the gnoll but do no damage. The gnoll hits you with a +0 flail!
You take 10 damage, and have 14/41 hp.
MASSIVE DAMAGE!!
You hit the gnoll.
You kill the gnoll!
Your Axes skill increases to level 6!
You now have 278 gold pieces (gained 14).
Things that are here:
a +0 flail; a +0 flail You start resting.
Health restored: 41 A kobold comes into view.
It is wielding a +0 club.
The kobold shouts!
You hear a shout!
An endoplasm comes into view.
The kobold throws a stone.
The stone hits you.
You take 2 damage, and have 39/41 hp.
A goblin comes into view. It is wielding a +0 dagger.
The goblin shouts!
The kobold throws a stone.
The stone misses you.
The goblin unwields a +0 dagger.
The goblin wields a +0 sling.
The goblin shoots a sling bullet.
The sling bullet closely misses you.
A sleepcap comes into view.
You see here a scroll labelled ELEFREYZIV.
You hit the kobold but do no damage. The kobold closely misses you.
The goblin shoots a sling bullet.
The sling bullet barely misses you.
You hit the kobold.
You kill the kobold!
The goblin shoots a sling bullet.
The sling bullet barely misses you.
You slash the endoplasm!
You kill the endoplasm!
The goblin shoots a sling bullet.
The sling bullet barely misses you.
The goblin shoots a sling bullet.
The sling bullet hits you.
Things that are here:
a +0 club; 5 stones; a kobold corpse You take 3 damage, and have 37/41 hp.
The goblin shoots a sling bullet.
The sling bullet hits you.
You take 3 damage, and have 34/41 hp.
You hit the sleepcap but do no damage. The sleepcap closely misses you.
The goblin shoots a sling bullet.
The sling bullet closely misses you.
You slash the sleepcap! The sleepcap releases spores at you.
The goblin shoots a sling bullet.
The sling bullet barely misses you.
You take 6 damage, and have 28/41 hp.
You hit the sleepcap but do no damage.
The sleepcap releases spores at you but does no damage.
The goblin shoots a sling bullet.
The sling bullet hits you.
You take 4 damage, and have 24/41 hp.
You hit the sleepcap. The sleepcap releases spores at you.
The goblin shoots a sling bullet.
The sling bullet closely misses you.
You take 2 damage, and have 22/41 hp.
You hit the sleepcap. The sleepcap barely misses you.
You hit the sleepcap but do no damage. The sleepcap closely misses you.
You hit the sleepcap but do no damage. The sleepcap barely misses you.
The goblin shoots a sling bullet.
The sling bullet barely misses you.
You hit the sleepcap but do no damage. The sleepcap closely misses you.
The goblin shoots a sling bullet.
The sling bullet closely misses you.
You hit the sleepcap.
The sleepcap releases spores at you but does no damage.
The goblin shoots a sling bullet.
The sling bullet closely misses you.
You hit the sleepcap but do no damage. The sleepcap completely misses you.
The goblin shoots a sling bullet.
The sling bullet hits you.
You take 6 damage, and have 17/41 hp.
You hit the sleepcap.
The sleepcap releases spores at you but does no damage.
The goblin shoots a sling bullet.
The sling bullet closely misses you.
You hit the sleepcap. The sleepcap closely misses you.
The sleepcap releases spores at you.
* * * LOW HITPOINT WARNING * * *
You are engulfed in a cloud of soporific spores!
You fall asleep.
The sleepcap releases spores at you!!
You die...

.'.........##)....
#...#.........##.)...
#...#.........##..)..
#+##...#.........##.....
.................##.....
..............##........
..............##.###.###
..............##.# #.#
.......@......##.# #.#
......f)?.....##.###.###
..............##........
.....g........##........
..............##..##....
..................##....
..........##...#..##....
...........##.>#...+....
..................##....


You could see a sleepcap and a goblin.

Vanquished Creatures
  4 gnolls (D:4)
  3 dart slugs
  4 endoplasms
  2 giant cockroaches (D:1)
  3 hobgoblins
  6 jackals
  2 quokkas
  2 ball pythons (D:1)
  3 bats
  3 frilled lizards
  4 kobolds
  2 rats
38 creatures vanquished.

Notes
Turn   | Place    | Note
-------+----------+-------------------------------------------
     0 | D:1      | Firecrotchwizard the Hill Orc Monk began the quest for the
                  | Orb.
     0 | D:1      | Reached XP level 1. HP: 19/19 MP: 1/1
   136 | D:1      | Reached XP level 2. HP: 27/27 MP: 2/2
   159 | D:1      | HP: 5/27 [hobgoblin (3)]
   164 | D:1      | Reached skill level 4 in Fighting
   330 | D:1      | Reached skill level 5 in Axes
   337 | D:1      | Reached XP level 3. HP: 18/33 MP: 3/3
  1276 | D:4      | Found Ytosyfud's Antique Weapon Emporium.
  1420 | D:4      | Reached XP level 4. HP: 41/41 MP: 4/4
  1434 | D:4      | Reached skill level 6 in Axes
  1572 | D:4      | Mangled by a sleepcap

Illustrated notes

Levels and vault maps discovered:
D:1:      roderic_crossed_star, layout_basic, st_stairs_14
D:2:      layout_basic, uniq_robin
D:3:      layout_basic, minmay_misc_feat_plants
D:4:      layout_basic, grunt_temple_overflow_open, serial_shops, shop_coins,
          minmay_misc_feat_encased, kennysheep_dice

Skill      XL: |  1  2  3  4 |
---------------+-------------+-----
Fighting       | 4 |  4.5
Axes           | 5 6 |  6.0
Dodging        | |  2.4
Stealth        | |  1.5

Action                     |  1- 3 |  4- 6 || total
---------------------------+-------+-------++-------
  Melee: Hand axe          |    89 |    24 ||   113
  Evoke: Wand              |     7 |     3 ||    10
   Stab: Sleeping          |     3 |       ||     3
 Armour: Robe              |    29 |     4 ||    33
  Dodge: Dodged            |    77 |    22 ||    99

Table legend: (Time is in decaauts)
 A = Elapsed time spent in this place.
 B = Non-inter-level travel time spent in this place.
 C = Inter-level travel time spent in this place.
 D = Time resting spent in this place.
 E = Time spent auto-exploring this place.
 F = Levels seen in this place.
 G = Mean time per level.
                   A        B        C        D        E       F      G
               +--------+--------+--------+--------+--------+-----+--------+
         Total |   1577 |   1445 |    132 |    167 |    965 |   4 |  394.2 |
       Dungeon |   1577 |   1445 |    132 |    167 |    965 |   4 |  394.2 |
               +--------+--------+--------+--------+--------+-----+--------+

Top non-repeatable levels by time:
     D:3: 547 daAuts
     D:1: 448 daAuts
     D:4: 400 daAuts
     D:2: 182 daAuts

Table legend:
 A = Kills in this place as a percentage of kills in the entire game.
 B = Kills by you in this place as a percentage of kills by you in the entire game.
 C = Kills by friends in this place as a percentage of kills by friends in the entire game.
 D = Other kills in this place as a percentage of other kills in the entire game.
 E = Experience gained in this place as a percentage of experience gained in the entire game.
 F = Experience gained in this place divided by the number of levels of this place that you have seen.
                   A       B       C       D       E      F
               +-------+-------+-------+-------+-------+----------------------
         Total | 100.0 | 100.0 |   N/A |   N/A | 100.0 |  29.5
       Dungeon | 100.0 | 100.0 |   N/A |   N/A | 100.0 |  29.5
               +-------+-------+-------+-------+-------+----------------------
